 Dungeon Crawl Stone Soup version 0.23.2-33-g5129a83184 (webtiles) character file.

Game seed: 76681103847756064

260 Exodus22XD the Magician (level 5, -5/28 HPs)
             Began as a Deep Elf Wizard on July 1, 2019.
             Killed from afar by Sigmund (9 damage)
             ... with a puff of flame
             ... on level 5 of the Dungeon.
             The game lasted 00:17:09 (3711 turns).

Exodus22XD the Magician (Deep Elf Wizard)           Turns: 3711, Time: 00:17:10

Health: -5/28      AC:  8    Str:  4    XL:     5   Next: 95%
Magic:  1/14       EV: 13    Int: 24    God:
Gold:   193        SH:  0    Dex: 13    Spells: 5/13 levels left

rFire    . . .     SeeInvis .   e - +0 hand axe
rCold    . . .     Gourm    .   (no shield)
rNeg     . . .     Faith    .   a - +0 robe
rPois    .         Spirit   .   b - +1 hat
rElec    .         Reflect  .   k - +2 cloak
rCorr    .         Harm     .   (no gloves)
MR       .....                  (no boots)
Stlth    ++........             (no amulet)
HPRegen  0.09/turn              j - +2 ring of protection
MPRegen  0.14/turn              (no ring)

@: very slightly contaminated
A: no striking features
a: no special abilities


You were on level 5 of the Dungeon.
You were not hungry.

You visited 1 branch of the dungeon, and saw 5 of its levels.

You collected 193 gold pieces.

Inventory:

Hand Weapons
 e - a +0 hand axe (weapon)
Armour
 a - a +0 robe (worn)
 b - a +1 hat (worn)
 k - a +2 cloak (worn)
Jewellery
 j - a +2 ring of protection (left hand)
 u - an uncursed ring of protection from magic
 x - an uncursed ring of magical power {unknown}
 z - an uncursed ring of positive energy
Scrolls
 c - 4 scrolls of blinking {unknown}
 f - a scroll of amnesia {unknown}
 g - 2 scrolls of enchant armour
 h - 4 scrolls of remove curse {unknown}
 l - a scroll of immolation {unknown}
 m - 2 scrolls of identify {unknown}
 o - 2 scrolls of teleportation {unknown}
 q - a scroll of fear {unknown}
 w - a scroll of fog {unknown}
 y - a scroll of random uselessness {unknown}
Potions
 i - a potion of cancellation {unknown}
 n - a potion of ambrosia {unknown}
 p - 3 potions of flight {unknown}
 r - 2 potions of heal wounds
 s - 2 potions of mutation {unknown}
 t - a potion of berserk rage {unknown}
 v - a potion of haste {unknown}
 A - a potion of curing {unknown}
Comestibles
 d - 6 rations


   Skills:
 - Level 2.4 Dodging
 - Level 2.4 Stealth
 + Level 4.7 Spellcasting
 - Level 4.0 Conjurations
 - Level 3.2 Summonings
 - Level 2.0 Translocations
 - Level 3.0 Fire Magic


You had 5 spell levels left.
You knew the following spells:

 Your Spells              Type           Power        Failure   Level  Hunger
a - Magic Dart            Conj           ###.         1%          1    None
b - Call Imp              Summ           ###.....     3%          2    None
c - Conjure Flame         Conj/Fire      ###.....     6%          3    ##.....
d - Blink                 Tloc           N/A          6%          2    None

Your spell library contained the following spells:

 Spells                   Type           Power        Failure   Level  Hunger
 Slow                     Hex            #.......     14%         2    None
 Mephitic Cloud           Conj/Pois/Air  ##......     16%         3    ##.....


Dungeon Overview and Level Annotations

Branches:
Dungeon (5/15)
 Temple: D:4-7

Altars:
Gozag
Zin

Annotations:
D:4 1 runed translucent door, Brecoman's ghost, novice GnSk
D:5 Edmund; Sigmund


Message History

Found a falchion.
Casting: Blink (safe; 6% risk of failure)
Confirm with . or Enter, or press ? or * to list all spells.
You blink.
The giant cockroach is too close now for your liking.
A giant cockroach is nearby!
Casting: Blink (safe; 6% risk of failure)
Confirm with . or Enter, or press ? or * to list all spells.
Aiming: Magic Dart (safe; 1% risk of failure)
Press: ? - help, Shift-Dir - straight line, f - giant cockroach
Aim: a giant cockroach (clinging)
The magic dart hits something.
You hear some strange, mumbled words.
Something tries to affect you, but you resist.
The crimson imp barely misses something.
Your crimson imp hits the giant cockroach.
Your crimson imp barely misses the crimson imp.
A puff of flame appears from out of thin air!
The puff of flame hits you!
You die...

....# ....# ##. #..##
###...#.## ##..
.......... ##.#
.......#.# .....
#.....#.#.#######
.....
.................#
...).
......(##.........#
..... ....s..#
#@#......#
.....##......#
#........#
.............#
##.).....#
.............#
#{......#
#...<.......#
#s#######
#......s##....##.##
#........####...55#
#...........####§5####
#######.....# #..§...#


You could see a crimson imp, a giant cockroach and 2 friendly crimson imps.

Vanquished Creatures
  An orc priest (D:4)
  2 orc wizards (D:4)
  A worker ant (D:4)
  A hound skeleton (D:4)
  2 adders
  2 worms
  3 dart slugs
  2 leopard geckos (D:3)
  10 orcs
  2 ball pythons
  6 goblins
  2 hobgoblins
  7 jackals
  7 kobolds
  3 quokkas
  9 bats
  2 frilled lizards (D:3)
  4 rats
66 creatures vanquished.

Vanquished Creatures (collateral kills)
  A hound (D:5)
  A worker ant (D:4)
  An adder (D:5)
  A leopard gecko (D:4)
4 creatures vanquished.

Vanquished Creatures (others)
  2 withered plants (D:4)
2 creatures vanquished.

Grand Total: 72 creatures vanquished

Notes
Turn   | Place    | Note
-------+----------+-------------------------------------------
     0 | D:1      | Exodus22XD the Deep Elf Wizard began the quest for the Orb.
     0 | D:1      | Reached XP level 1. HP: 10/10 MP: 7/7
   289 | D:1      | Reached XP level 2. HP: 15/15 MP: 0/9
   293 | D:1      | Learned a level 2 spell: Call Imp
   326 | D:1      | You fall through a shaft!
  1007 | D:2      | Reached XP level 3. HP: 19/19 MP: 7/10
  1639 | D:3      | Found a glowing silver altar of Zin.
  1739 | D:3      | Reached XP level 4. HP: 24/24 MP: 9/12
  1977 | D:3      | Learned a level 3 spell: Conjure Flame
  1980 | D:3      | Learned a level 2 spell: Blink
  2399 | D:4      | Reached skill level 1 in Fire Magic
  2460 | D:4      | Reached XP level 5. HP: 19/28 MP: 6/13
  2894 | D:4      | Found a runed translucent door.
  2894 | D:4      | Noticed Brecoman's ghost (novice GnSk)
  3198 | D:5      | Entered Level 5 of the Dungeon
  3198 | D:5      | Noticed Edmund
  3652 | D:5      | Found an opulent altar of Gozag.
  3655 | D:5      | Noticed Sigmund
  3711 | D:5      | Killed from afar by Sigmund

Skill      XL: |  1  2  3  4  5 |
---------------+----------------+-----
Conjurations   | 2 3 4 |  4.0
Summonings     | 3 |  3.2
Fire Magic     | 2 3 |  3.0
Translocations | 2 |  2.0
Dodging        | |  2.4
Stealth        | |  2.4
Spellcasting   | |  4.7

Action                   |  1- 3 |  4- 6 || total
-------------------------+-------+-------++-------
Melee: Hand axe          |     5 |    18 ||    23
 Cast: Magic Dart        |    84 |    83 ||   167
       Call Imp          |       |    18 ||    18
       Blink             |       |     5 ||     5
       Conjure Flame     |       |     2 ||     2
  Use: Scroll            |     1 |       ||     1
  Eat: Chunk             |     2 |     3 ||     5
       Ration            |       |     1 ||     1
Armor: Robe              |     3 |    33 ||    36
Dodge: Dodged            |    20 |    73 ||    93
